 Dungeon Crawl Stone Soup version 0.31-a0-840-g6d2ecbb638 (webtiles) character file.

Game seed: 3468743106679685563

226 BinkBink the Chopper (level 6, 0/52 (56) HPs)
             Began as a Hill Orc Monk on Sept 27, 2023.
             Slain by a wight
             ... wielding a +2 spear of distortion
              (2 damage)
             ... on level 4 of the Dungeon.
             The game lasted 00:03:56 (3536 turns).

BinkBink the Chopper (Hill Orc Monk)                Turns: 3536, Time: 00:03:57

HP:   0/52 (56)     AC:  3    Str: 16    XL:     6   Next: 1%
MP:   6/6           EV: 13    Int: 10    God:
Gold: 108           SH:  5    Dex: 13    Spells: 5/5 levels left

rFire   . . .        a - +0 hand axe (protect)
rCold   . . .        d - orb {light}
rNeg    . . .        b - +1 robe
rPois   .            (no helmet)
rElec   .            (no cloak)
rCorr   .            (no gloves)
SInv    .            (no boots)
Will    .....        s - amulet of reflection
Stlth   +            (no ring)
HPRegen 0.28/turn    (no ring)
MPRegen 0.10/turn

%: reflection
@: glowing, drained
A: no striking features
a: no special abilities


You were on level 4 of the Dungeon.
You visited 1 branch of the dungeon, and saw 4 of its levels.

You collected 108 gold pieces.

Inventory:

Hand Weapons
 a - a +0 hand axe of protection (weapon)
Armour
 b - a +1 robe (worn)
 d - an orb of light (worn)
Jewellery
 s - an amulet of reflection (around neck)
Wands
 q - a wand of flame (6)
Scrolls
 e - 2 scrolls of teleportation
 j - 3 scrolls of immolation
 k - 2 scrolls of revelation
 m - 2 scrolls of noise
 r - a scroll of enchant weapon {unknown}
 t - a scroll of amnesia {unknown}
 u - a scroll of acquirement {unknown}
Potions
 c - 2 potions of ambrosia
 l - a potion of resistance


   Skills:
 + Level 5.4 Fighting
 + Level 5.8 Axes
 + Level 3.6 Dodging


You had 5 spell levels left.
You didn't know any spells.
Your spell library contained the following spells:

 Spells                   Type           Power      Damage    Failure   Level
 Inner Flame              Hex/Fire       0%         N/A       75%         3
 Flame Wave               Conj/Fire      0%         2d4       98%         4
 Sticky Flame             Conj/Fire      0%         2d3       98%         4
 Alistair's Intoxication  Tmut/Pois      0%         N/A       100%        5
 Borgnjor's Vile Clutch   Necr/Erth      0%         N/A       100%        5
 Eringya's Noxious Bog    Tmut/Pois      0%         4d6       100%        6


Dungeon Overview and Level Annotations

Branches:
Dungeon (4/15)
 Temple: D:4-7

Altars:
The Shining One


Message History

The scorpion is almost dead.
You feel sick.
You are no longer poisoned.
You block the scorpion's attack.
You hit the scorpion.
The scorpion is almost dead.
The scorpion barely misses you.
You hit the scorpion.
You kill the scorpion!
You have reached level 6!
You see here a scorpion corpse.
A black bear comes into view.
A wight comes into view. It is wielding a +3 flail of freezing.
A wight comes into view.
It is wielding a +2 spear of distortion.
Found a murky emerald potion.
A wight comes into view. It is wielding a +3 dire flail.
As you read the scroll labelled JOGUNN KUXOPER, it crumbles to dust.
It is a scroll of brand weapon.
Your +0 hand axe projects an invisible shield of force!
a - a +0 hand axe of protection (weapon)
As you read the scroll labelled PAIXAZOMI, it crumbles to dust.
You assume a fearsome visage.
The wight is unaffected. x2
It was a scroll of fear.
You block the wight's attack.
As you read the scroll labelled AWKOIBUSIN, it crumbles to dust.
It is a scroll of enchant armour.
Your +0 robe glows green for a moment.
The wight hits you from afar with a +2 spear of distortion!
Space warps horribly around you!
The wight hits you with a +3 flail of freezing!
* * * LOW HITPOINT WARNING * * *
You feel drained.
* * * LOW HITPOINT WARNING * * *
The wight freezes you.
* * * LOW HITPOINT WARNING * * *
As you read the scroll labelled TIODAFUTHRO, it dissolves into smoke.
It was a scroll of fog.
The wight hits you from afar with a +2 spear of distortion.
* * * LOW HITPOINT WARNING * * *
You feel drained.
You die...

#...## #...
##..# ##.#
###.## ### #...#
##..# ##.###
#...####. ###
##......!.
#@#####zhzz#####
##z##..##..#
##zz### #.#
#.h## #.# #..#
#.# #..# #.#
#### #.


You could see 2 wights.

Vanquished Creatures
  A scorpion (D:4)
  A crimson imp (D:3)
  An iguana (D:3)
  3 adders
  4 worms
  2 dart slugs
  5 ball pythons
  6 bats
  9 endoplasms
  A giant cockroach (D:3)
  A goblin (D:1)
  2 hobgoblins
  4 jackals (D:4)
  5 kobolds
  4 quokkas
  6 frilled lizards
  2 goblin zombies (D:3)
  4 hobgoblin zombies (D:3)
  3 kobold skeletons (D:3)
  An orc zombie (D:3)
  2 rats (D:1)
67 creatures vanquished.

Notes
Turn   | Place    | Note
-------+----------+-------------------------------------------
     0 | D:1      | BinkBink the Hill Orc Monk began the quest for the Orb.
     0 | D:1      | Reached XP level 1. HP: 19/19 MP: 1/1
   189 | D:1      | Reached XP level 2. HP: 27/27 MP: 2/2
   424 | D:1      | Reached XP level 3. HP: 33/33 MP: 3/3
  1322 | D:2      | Found a faded altar of an unknown god.
  1654 | D:2      | Reached XP level 4. HP: 33/41 MP: 4/4
  1926 | D:3      | Reached skill level 5 in Axes
  2013 | D:3      | Found a glowing golden altar of the Shining One.
  2307 | D:3      | Reached XP level 5. HP: 42/47 MP: 5/5
  2745 | D:3      | HP: 2/47 [iguana (7)]
  2754 | D:3      | Reached skill level 5 in Fighting
  3311 | D:4      | Reached XP level 6. HP: 11/56 MP: 6/6
  3518 | D:4      | Noticed a black bear
  3536 | D:4      | HP: 2/53 [wight/+2 spear of distortion (4)]
  3536 | D:4      | Slain by a wight

Illustrated notes

Levels and vault maps discovered:
D:1:      psy_arrival_radial02, layout_rooms, kennysheep_nondescript,
          minmay_vboxes
D:2:      layout_basic, nicolae_ecumenical_oubliette
D:3:      layout_basic, nicolae_tso_besieged_by_evil
D:4:      layout_layer_cave

Skill      XL: |  1  2  3  4  5 |
---------------+----------------+-----
Fighting       | 4 5 |  5.4
Dodging        | 3 |  3.6
Axes           | 5 |  5.8

Action                     |  1- 3 |  4- 6 || total
---------------------------+-------+-------++-------
  Melee: Hand axe          |   104 |   121 ||   225
    Use: Scroll            |       |     8 ||     8
         Potion            |       |     4 ||     4
 Armour: Robe              |    52 |    52 ||   104
  Dodge: Dodged            |    67 |    51 ||   118
  Block: Orb               |       |    12 ||    12

Table legend: (Time is in decaauts)
 A = Elapsed time spent in this place.
 B = Non-inter-level travel time spent in this place.
 C = Inter-level travel time spent in this place.
 D = Time resting spent in this place.
 E = Time spent auto-exploring this place.
 F = Levels seen in this place.
 G = Mean time per level.
                   A        B        C        D        E       F      G
               +--------+--------+--------+--------+--------+-----+--------+
         Total |   3534 |   3475 |     59 |      0 |   3023 |   4 |  883.5 |
       Dungeon |   3534 |   3475 |     59 |      0 |   3023 |   4 |  883.5 |
               +--------+--------+--------+--------+--------+-----+--------+

Top non-repeatable levels by time:
     D:3: 1171 daAuts
     D:2: 1109 daAuts
     D:1: 813 daAuts
     D:4: 440 daAuts
